Cogmind - Beta 13 @@@ ROGUE MODE // 2024.04.19 @ 11:41:55 Player: Barbarossa Result: Destroyed by G-47 Trooper with Particle Gun Performance ------------- Evolutions (2) 1000 Regions Visited (5) 1000 Robots Destroyed (29) 145 Value Destroyed (759) 759 Prototype IDs (0) 0 Alien Tech Used (0) 0 Bonus (28) 28 TOTAL SCORE: 2932 Bonus ------- High Alert Combat Kills 28 Cogmind --------- Core Integrity 0/550 Matter 110/300 Energy 100/100 System Corruption 0% Temperature Cool (9) Movement Flying (37) Location -8/Storage Parts ------- > --- POWER (2) -------- (None) > --- PROPULSION (4) --- Flight Unit Flight Unit > --- UTILITY (3) ------ Small Storage Unit > --- WEAPON (2) ------- (None) > --- INVENTORY (8) ---- Improved Hover Unit Heat Sink Peak State ------------ > --- POWER ------------ Light Ion Engine > --- PROPULSION ------- Flight Unit Flight Unit Flight Unit Cesium-ion Thruster > --- UTILITY ---------- Small Storage Unit > --- WEAPON ----------- Light Assault Rifle Great Maul > --- INVENTORY -------- Wheel Compact Wheel Improved Hover Unit Heat Sink Light Cannon Improved Light Cannon Grenade Launcher [Rating: 12] Favorites ----------- Power Light Ion Engine Engine Light Ion Engine Power Core Light Nuclear Core Propulsion Flight Unit Leg Aluminum Leg Wheel Wheel Flight Unit Flight Unit Utility Small Storage Unit Storage Small Storage Unit Weapon Medium Laser Energy Gun Medium Laser Ballistic Gun Light Assault Rifle Ballistic Cannon Improved Light Cannon Launcher Grenade Launcher Impact Weapon Great Maul Build | -11 -10 -9 -9 -8 -8 ------- Run | Yrd Mat Mat Min Mat Sto Slots Evolved 4 | . . 2 . 2 . Power 1 | . . 1 . . . Propulsion 2 | . . 1 . 1 . Utility 1 | . . . . 1 . Weapon . | . . . . . . Parts Attached 34 | . 6 3 7 2 16 Power 5 | . 1 1 . . 3 Engine 4 | . 1 1 . . 2 Core 1 | . . . . . 1 Reactor . | . . . . . . Propulsion 15 | . 4 1 3 2 5 Treads . | . . . . . . Leg . | . . . . . . Wheel 2 | . . . . . 2 Hover . | . . . . . . Flight 13 | . 4 1 3 2 3 Utility . | . . . . . . Device . | . . . . . . Storage . | . . . . . . Processor . | . . . . . . Hackware . | . . . . . . Protection . | . . . . . . Artifact . | . . . . . . Weapon 14 | . 1 1 4 . 8 Energy Gun 3 | . 1 . 2 . . Energy Cannon . | . . . . . . Ballistic Gun 2 | . . . 1 . 1 Ballistic Cannon 5 | . . . 1 . 4 Launcher 3 | . . 1 . . 2 Special Weapon . | . . . . . . Impact Weapon 1 | . . . . . 1 Slashing Weapon . | . . . . . . Piercing Weapon . | . . . . . . Special Melee Weapon . | . . . . . . Unidentified Prototypes . | . . . . . . Parts Lost 17 | . . . . . 17 Power 5 | . . . . . 5 Propulsion 7 | . . . . . 7 Utility . | . . . . . . Weapon 5 | . . . . . 5 Highest Loss Streak 6 | . . . . . 6 To Critical Strikes . | . . . . . . Average Slot Usage (%) 62 | . 78 73 77 72 47 Engine 12 | . 14 18 22 18 6 Leg 2 | . 13 . . . . Flight 21 | . 14 33 33 36 17 Storage 10 | . 14 11 11 9 9 Energy Gun 5 | . 10 11 10 . . Ballistic Gun 4 | . 11 . . 9 2 Ballistic Cannon 1 | . . . . . 3 Impact Weapon 1 | . . . . . 3 Naked Turns . | . . . . . . Heaviest Build 17 | 12 12 13 13 12 17 Greatest Support 26 | 20 20 12 12 17 26 Greatest Overweight (x) 5 | . 2 1 1 . 5 Average Overweight (x) . | . . . . . . Largest Inventory Capacity 8 | . 8 8 8 8 8 Average Capacity 8 | . 8 8 8 8 8 Most Carried 8 | . 8 8 8 8 8 Average Carried 6 | . 7 7 8 7 5 Final Capacity 8 | 8 8 8 8 8 8 Final Carried 8 | 6 7 8 8 8 2 Class Distribution -------------------- 77% | Mutant 22% | Scavenger-Sprinter Dominant Class ---------------- Mutant | -10/Materials Mutant | -9/Materials Mutant | -9/Mines Mutant | -8/Materials Mutant | -8/Storage Resources | -11 -10 -9 -9 -8 -8 ----------- Run | Yrd Mat Mat Min Mat Sto Matter Collected 515 | 200 19 . 50 . 246 Remotely . | . . . . . . Salvage Created 809 | . 58 . 50 . 701 Parts 41 | . 8 . 6 . 27 Haulers Intercepted . | . . . . . . Recyclers Shooed 2 | . . . . . 2 Parts Field Recycled . | . . . . . . Retrieved Matter . | . . . . . . Parts Self-Destructed . | . . . . . . Prevented . | . . . . . . Kills | -11 -10 -9 -9 -8 -8 ------- Run | Yrd Mat Mat Min Mat Sto Combat Hostiles Destroyed 26 | . 4 . 3 . 19 Melee 2 | . . . . . 2 Guns 11 | . 4 . 3 . 4 Cannons 6 | . . . . . 6 AOE 1 | . . . . . 1 Classes Destroyed 5 | . 1 . . . 4 Worker 2 | . . . . . 2 Recycler 1 | . . . . . 1 Swarmer 13 | . 4 . 3 . 6 Grunt 8 | . . . . . 8 Sentry 5 | . . . . . 5 Best Kill Streak 7 | . 2 . 3 . 7 Combat Bots Only 5 | . 2 . 3 . 5 Max Kills in Single Turn 3 | . 2 . 1 . 3 Gunslinging 1 | . 1 . . . . Exploded 1 | . . . . . 1 Melee 1 | . . . . . 1 Uniques/NPCs Destroyed . | . . . . . . Combat | -11 -10 -9 -9 -8 -8 -------- Run | Yrd Mat Mat Min Mat Sto Hostile Shots Fired 183 | . 13 2 19 . 149 Missed 44 | . 2 . 4 . 38 Damage Taken 1768 | . 89 32 124 . 1523 Core 613 | . 6 . 52 . 555 Absorbed by Shields . | . . . . . . Core Remaining (%) 94 | 100 97 . 87 . . Volleys Fired 79 | . 9 . 12 . 58 Largest 2 | . 2 . 1 . 2 Hottest 74 | . 60 . 50 . 74 Shots Fired 96 | . 12 . 12 . 72 Gun 55 | . 12 . 12 . 31 Cannon 38 | . . . . . 38 Launcher 3 | . . . . . 3 Special . | . . . . . . Kinetic 78 | . 9 . . . 69 Thermal 12 | . . . 12 . . Explosive 3 | . . . . . 3 Electromagnetic 3 | . 3 . . . . Robot Hit Streak 8 | . 5 . 3 . 8 Robot Miss Streak 3 | . 3 . 1 . 3 Penetration Max . | . . . . . . Secondary Targets 1 | . 1 . . . . Max Gunslinging Chain 1 | . 1 . . . . Shots Hit Robots 82 | . 7 . 8 . 67 Core Hits 34 | . 4 . 3 . 27 Critical Kills 1 | . . . . . 1 Critical Parts Destroyed 3 | . . . . . 3 Critical Strikes 8 | . . . . . 8 Destroy 1 | . . . . . 1 Blast 3 | . . . . . 3 Smash 4 | . . . . . 4 Melee Attacks 25 | . . . . . 25 Impact 25 | . . . . . 25 Slashing . | . . . . . . Piercing . | . . . . . . Sneak Attacks 1 | . . . . . 1 Combat Hostiles . | . . . . . . Follow-up Attacks . | . . . . . . Damage Inflicted 1964 | . 85 . 101 . 1778 Guns 364 | . 85 . 101 . 178 Cannons 443 | . . . . . 443 Explosions 261 | . . . . . 261 Melee 896 | . . . . . 896 Ramming . | . . . . . . Kinetic 686 | . 65 . . . 621 Thermal 101 | . . . 101 . . Explosive 261 | . . . . . 261 Electromagnetic 20 | . 20 . . . . Impact 896 | . . . . . 896 Slashing . | . . . . . . Piercing . | . . . . . . Highest Corruption . | . . . . . . Average Corruption . | . . . . . . Corruption Purged . | . . . . . . Corruption Blocked . | . . . . . . Overload Shots . | . . . . . . Overflow Damage 250 | . . . . . 250 Projectiles 1 | . . . . . 1 Explosions 10 | . . . . . 10 Melee 239 | . . . . . 239 Knockbacks 19 | . . . . . 19 Impact 4 | . . . . . 4 Kinetic 9 | . . . . . 9 Secondary 6 | . . . . . 6 Self-Inflicted Damage 40 | . . . . . 40 Shots 1 | . . . . . 1 Rammed . | . . . . . . Targets Rammed . | . . . . . . Kicked . | . . . . . . Crushed . | . . . . . . Highest Temperature 220 | . . 15 220 . 108 Average Temperature 60 | . . 9 106 . 34 Received Heat Transfer 702 | . . 27 . . 675 Siege Activations . | . . . . . . Robots Corrupted . | . . . . . . Combat Hostiles . | . . . . . . Parts Fried 6 | . . . . . 6 Impact Corruptions 13 | . . . . . 13 Robots Melted . | . . . . . . Combat Hostiles . | . . . . . . Parts Melted 2 | . . . 2 . . Heat Transferred 296 | . . . 296 . . Parts Sabotaged . | . . . . . . Parts Stolen . | . . . . . . Parts Stripped . | . . . . . . Power Chain Reactions . | . . . . . . Alert | -11 -10 -9 -9 -8 -8 ------- Run | Yrd Mat Mat Min Mat Sto Peak Influence 520 | . 135 86 108 41 520 Initial 56 | . . 56 33 41 16 Average 148 | . 70 65 55 41 233 Maximum Alert Level 2 | . . . . . 2 Low Security (%) 67 | . 100 100 100 100 35 Level 1 27 | . . . . . 55 Level 2 4 | . . . . . 9 Level 3 . | . . . . . . Level 4 . | . . . . . . Level 5 . | . . . . . . High Security . | . . . . . . Max Security . | . . . . . . Squads Dispatched 6 | . . . . . 6 Investigation 1 | . . . . . 1 Extermination . | . . . . . . Reinforcement 2 | . . . . . 2 Assault . | . . . . . . Garrison 3 | . . . . . 3 Intercept . | . . . . . . Searches Triggered . | . . . . . . Construction Impeded 1 | . . . . . 1 Haulers Reinforced . | . . . . . . Active Scanning Responses . | . . . . . . Cargo Convoy Interrupts . | . . . . . . Stealth | -11 -10 -9 -9 -8 -8 --------- Run | Yrd Mat Mat Min Mat Sto Distress Signals 4 | . 2 1 . . 1 Communications Jammed . | . . . . . . Distress Signals . | . . . . . . Times Spotted 36 | . 6 2 4 . 24 Peak Tracking Total 6 | . 5 3 4 . 6 Tactical Retreats 7 | . 1 . 1 . 5 Traps | -11 -10 -9 -9 -8 -8 ------- Run | Yrd Mat Mat Min Mat Sto Traps Triggered 1 | . . . . . 1 Indirectly . | . . . . . . Trap Hack Attempts . | . . . . . . Triggered . | . . . . . . Disarmed . | . . . . . . Reprogrammed . | . . . . . . Reused . | . . . . . . Traps Extracted . | . . . . . . Installed . | . . . . . . Triggered . | . . . . . . Machines | -11 -10 -9 -9 -8 -8 ---------- Run | Yrd Mat Mat Min Mat Sto Machines Disabled 2 | . . . . . 2 Max in Single Turn 1 | . . . . . 1 Machines Repaired . | . . . . . . Machines Dismantled . | . . . . . . Machines Sabotaged . | . . . . . . Overloaded Fab Kills . | . . . . . . Hacking | -11 -10 -9 -9 -8 -8 --------- Run | Yrd Mat Mat Min Mat Sto Machines Accessed 2 | . . . . . 2 Terminals 2 | . . . . . 2 Fabricators . | . . . . . . Repair Stations . | . . . . . . Recycling Units . | . . . . . . Scanalyzers . | . . . . . . Garrison Access . | . . . . . . Total Hacks 5 | . . . . . 5 Successful . | . . . . . . Failed 5 | . . . . . 5 Catastrophic 1 | . . . . . 1 Database Lockouts . | . . . . . . Manual 3 | . . . . . 3 Terminals 5 | . . . . . 5 Fabricators . | . . . . . . Repair Stations . | . . . . . . Recycling Units . | . . . . . . Scanalyzers . | . . . . . . Garrison Access . | . . . . . . Terminal Hacks . | . . . . . . Fabricator Hacks . | . . . . . . Repair Station Hacks . | . . . . . . Recycling Unit Hacks . | . . . . . . Scanalyzer . | . . . . . . Garrison Access Hacks . | . . . . . . Unauthorized Hacks . | . . . . . . Terminals . | . . . . . . Fabricators . | . . . . . . Repair Stations . | . . . . . . Recycling Units . | . . . . . . Scanalyzers . | . . . . . . Garrison Access . | . . . . . . Data Cores Recovered . | . . . . . . Used . | . . . . . . Hacking Detections 2 | . . . . . 2 Full Trace Events 1 | . . . . . 1 Feedback Events . | . . . . . . Feedback Blocked . | . . . . . . Robot Schematics Acquired . | . . . . . . Robots Built . | . . . . . . Authchips . | . . . . . . Time . | . . . . . . Total Robot Build Rating . | . . . . . . Part Schematics Acquired . | . . . . . . Parts Built . | . . . . . . Authchips . | . . . . . . Time . | . . . . . . Total Part Build Rating . | . . . . . . Parts Repaired . | . . . . . . Time . | . . . . . . Parts Recycled . | . . . . . . Recycled Matter . | . . . . . . Retrieved Matter . | . . . . . . Retrieved Components . | . . . . . . Parts Scanalyzed . | . . . . . . Part Schematics Acquired . | . . . . . . Parts Damaged . | . . . . . . Bothacking | -11 -10 -9 -9 -8 -8 ------------ Run | Yrd Mat Mat Min Mat Sto Used RIF Installer . | . . . . . . Robots Hacked . | . . . . . . Non-combat . | . . . . . . Combat . | . . . . . . Robot Hacks Applied . | . . . . . . Relay Couplers Released . | . . . . . . Fabnet Peak Effective % . | . . . . . . Robots Rewired . | . . . . . . Allies Hacked . | . . . . . . Hacks Repelled . | . . . . . . Allies | -11 -10 -9 -9 -8 -8 -------- Run | Yrd Mat Mat Min Mat Sto Total Allies . | . . . . . . Largest Group . | . . . . . . Highest-Rated Group . | . . . . . . Highest-Rated Ally . | . . . . . . Total Orders . | . . . . . . Ally Attacks . | . . . . . . Total Damage . | . . . . . . Kills . | . . . . . . Allies Corrupted . | . . . . . . Allies Melted . | . . . . . . Intel | -11 -10 -9 -9 -8 -8 ------- Run | Yrd Mat Mat Min Mat Sto Robot Analysis Total . | . . . . . . Derelict Logs Recovered . | . . . . . . Drone Launches . | . . . . . . Drone Recoveries . | . . . . . . Exploration | -11 -10 -9 -9 -8 -8 ------------- Run | Yrd Mat Mat Min Mat Sto Turns Passed 756 | . 166 58 146 9 377 Spaces Moved 502 | 1 107 78 99 19 198 Core 37 | . . . . . 37 Treads . | . . . . . . Legs 54 | 1 53 . . . . Wheels 15 | . . . . . 15 Hover . | . . . . . . Flight 396 | . 54 78 99 19 146 Fastest Speed 29 | 120 117 34 34 29 29 Average Speed 83 | 120 121 66 101 29 66 Slowest Speed 300 | 120 210 114 114 31 300 Overloaded Moves . | . . . . . . Propulsion Burnouts . | . . . . . . Robots Hopped 3 | . . . 1 . 2 Cave-ins Triggered . | . . . . . . Exploration Rate (%) 19 | 2 30 12 24 3 47 Regions Visited 5 Branch Regions 2 Pre-discovered Areas . | . . . . . . Known Exits Taken . | . . . . . . Unknown Exits Taken 5 | 1 1 1 1 1 . Scrap Searched . | . . . . . . Spaces Dug . | . . . . . . Terrain Destroyed 11 | . . . . . 11 Melee . | . . . . . . Projectile . | . . . . . . AOE 11 | . . . . . 11 Terrain Rammed . | . . . . . . Walls Destroyed . | . . . . . . Machines Disabled . | . . . . . . Actions | -11 -10 -9 -9 -8 -8 --------- Run | Yrd Mat Mat Min Mat Sto Total 695 | . 134 84 131 21 325 Wait 33 | . . . 10 . 23 Move 491 | . 106 77 96 18 194 Hop 3 | . . . 1 . 2 Pick Up 14 | . 4 3 . 1 6 Fast Attach 4 | . 2 . 2 . . Attach 18 | . 1 3 . 1 13 Detach 2 | . . 1 . . 1 Swap 12 | . 3 . 5 1 3 Drop 14 | . 9 . 5 . . Fire 79 | . 9 . 12 . 58 Melee 25 | . . . . . 25 Ram . | . . . . . . Kick . | . . . . . . Crush . | . . . . . . Escape Stasis . | . . . . . . Rewire . | . . . . . . Trap . | . . . . . . Miscellaneous . | . . . . . . Route ------- -11/Scrapyard -10/Materials -9/Materials -9/Mines -8/Materials -8/Storage History --------- Turn | Location | Event 1 | -11/Scrapyard | Discovered new exit (range 0) 1 | -11/Scrapyard | Entered Materials 145 | -10/Materials | Discovered new exit (range 13) 167 | -10/Materials | Entered another Materials area 167 | -9/Materials | Evolved 2 slots: Power x1, Propulsion x1 208 | -9/Materials | Discovered new exit (range 16) 225 | -9/Materials | Entered Mines 233 | -9/Mines | Met a Derelict bent on vengeance 317 | -9/Mines | Build established: Mutant 367 | -9/Mines | Discovered new exit (range 12) 371 | -9/Mines | Entered Materials 371 | -8/Materials | Evolved 2 slots: Propulsion x1, Utility x1 378 | -8/Materials | Discovered new exit (range 3) 380 | -8/Materials | Entered Storage 453 | -8/Storage | Lost 3 parts (2p1n) 521 | -8/Storage | Garrison activated, responded to threat 586 | -8/Storage | Lost 6 parts (5n1w) 610 | -8/Storage | Core integrity fell below 50% 666 | -8/Storage | Lost 3 parts (2p1n) 677 | -8/Storage | Core integrity fell below 20% 757 | -8/Storage | Destroyed by G-47 Trooper with Particle Gun Last Messages --------------- 00745_ S-10 Pest IFF system glitched. 00745_ S-10 Pest suffers critical hit (Blast). 00745_ Destroyed Flight Unit. 00745_ S-10 Pest destroyed. 00745_ R-06 Scavenger collects Lgt. Ion Engine. 00746_ Critical hit (Burn: +37). 00747_ K-01 Serf collects debris. 00747_ G-47 Trooper knocked back. 00748_ Imp. Light Cannon destroyed. 00749_ K-01 Serf collects debris. 00750_ Destroyed Welding Torch. 00750_ G-47 Trooper destroyed. 00750_ K-01 Serf destroyed. 00750_ Component Storage disabled. 00750_ R-06 Scavenger destroyed. 00751_ ALERT: Construction progress impeded, dispatching reinforcements to local area. 00754_ Storage Shell breached. 00755_ Grenade Launcher destroyed. 00756_ Acquired 20 matter. Map ----- +----------------------------------------------------+ | ????????????########### # ""???" # # | | ????????????# ! + + "???"" # """ ## | | ????????????# / % %# # "??"" # """ ## # | | ????????????# [# # """" # """ #?# #? | | ????????????# + # # ### ## | | ????????????# # #############+#### # | | ????????????# # #??????# # | | ????????????# !/ ! # #??????# | | ????????????# # #??????# # | | ????????????########### #??????######+#### # | | ????????????########%## #####????????????###/### | | ????????????# # % # ##???????????? ""? | | ????????????# # /= T#??????????? "T" | | ????????????# # %##""##??????????# | | ????????????# + #???????????????# """" | | ????????????# #% #??????????????? """" | | ????????????# !![ # #??????????????## """? | | ????????????# ![ # #???????????????#]! ""?? | | ????????????# ![ # #???????????????#]| ???? | | ????????????########### =#???????????????#] ???? | | ??????????????????????# !##########??????####???? | | ????????????????????"?#^ %# #?????????????? | | ????????????????????" # # """" ??????????????? | | ????????????????????" * """" #?????????????? | | ???????????????"]!""" *g%""""" #?????????????? | | ???????????????"[! @ [= #?????????????? | | ???????????????""" %* # """"" #?????????????? | | ?????????????# [! k """"" #?????????????? | | ?????????????# # """"" ??????????????? | | ?????????????#### # ## # ????????????????? | | ????????????????#?#??##a #######????????????????? | | ??????????????????????# #??????????????????????? | | ??????????????????????# #??????????????????????? | | ??????????????????????# u#??????????????????????? | | ??????????????????????# ???????????????????????? | | ??????????????????????# ???????????????????????? | | ??????????????????????# r ???????????????????????? | | ??????????????????????# ???????????????????????? | | ??????????????????????# ???????????????????????? | | ??????????????????????# ???????????????????????? | | ??????????????????????? ???????????????????????? | | ?????????????????????????????????????????????????? | | ?????????????????????????????????????????????????? | | ?????????????????????????????????????????????????? | | ?????????????????????????????????????????????????? | | ?????????????????????????????????????????????????? | | ?????????????????????????????????????????????????? | | ?????????????????????????????????????????????????? | | ?????????????????????????????????????????????????? | | ?????????????????????????????????????????????????? | +----------------------------------------------------+ Best States ------------- Heat Dissipation 31 Energy Generation 15 Energy Capacity 160 Matter Stores 300 Matter Capacity 300 Sight Range 16 Terrain Scan Density 10 Evasion (%) 64 Item Schematics ----------------- None Robot Schematics ------------------ None Fabricated ------------ Nothing Alien Tech Used ----------------- None Achievements -------------- None Challenges ------------ None Game ------ Seed RefineryBoreFilter Manual? 0 Play Time 00:14:43 Cumulative 108.6 hours Start 2024.04.19 @ 11:31:55 End 2024.04.19 @ 11:41:55 Sessions 1 Manual Loads 0 Difficulty Rogue Special Mode None Game No. 217 Rogue 217 Adventurer 0 Explorer 0 Win Type - Total 0 Types 0/0/0/0/0/0/0/0/0 Lore% 31 Gallery% 41 Achievement% 27 Wizard Run 0 Options --------- Layout 1 ASCII 0 Keyboard 0 Movement Mouse Keybinds 0 Fullscreen 1 Font 24/Smallcaps Map View 50x40 Zoom Use 0% Tactical HUD 1 Map Filters NONE Filters NONE Steam 1 RUN: f91beda6-ee48-421d-ae1b-6c6e6962585f